 Dungeon Crawl Stone Soup version 0.21.1-1-g345015f (webtiles) character file.

65 letownia2 the Charmwright (level 4, -6/33 HPs)
             Began as a Merfolk Skald on Mar 14, 2018.
             Killed by nerve-wracking pain
             ... invoked by an orc priest
              (13 damage)
             ... on level 3 of the Dungeon.
             The game lasted 00:02:44 (448 turns).

letownia2 the Charmwright (Merfolk Skald)            Turns: 448, Time: 00:02:45

Health: -6/33      AC:  4    Str: 12    XL:     4   Next: 13%
Magic:  1/7        EV: 12    Int: 12    God:
Gold:   53         SH:  0    Dex: 13    Spells: 1/7 levels left

rFire    . . .     SeeInvis .   b - +2 quarterstaff (chaos)
rCold    . . .     Gourm    .   (shield currently unavailable)
rNeg     . . .     Faith    .   k - +0 leather armour
rPois    .         Spirit   .   (no helmet)
rElec    .         Reflect  .   l - +0 cloak
rCorr    .         Harm     .   (no gloves)
MR       .....                  (no boots)
Stlth    +.........             (no amulet)
HPRegen  0.11/turn              (no ring)
MPRegen  0.10/turn              (no ring)

@: infused (expiring), very slightly contaminated
A: change form in water, swift swim, stealthy swim
a: no special abilities


You were on level 3 of the Dungeon.
You were not hungry.

You visited 1 branch of the dungeon, and saw 4 of its levels.

You collected 53 gold pieces.

Inventory:

Hand Weapons
 a - a +0 spear
 b - a +2 quarterstaff of chaos (weapon)
Armour
 h - a +0 ring mail
 k - a +0 leather armour (worn)
 l - a +0 cloak (worn)
Scrolls
 e - a scroll of identify {unknown}
 g - a scroll of teleportation {unknown}
 j - a scroll of enchant armour {unknown}
Potions
 f - a potion of brilliance {unknown}
Books
 c - a book of Battle

   Spells                             Type                      Level
   a - Infusion                       Charms                       1
   b - Shroud of Golubria             Charms/Translocation         2
   c - Song of Slaying                Charms                       2
   d - Spectral Weapon                Hexes/Charms                 3
   e - Regeneration                   Charms/Necromancy            3
Comestibles
 d - 3 rations


   Skills:
 - Level 2.1 Fighting
 + Level 3.2 Polearms
 - Level 0.6 Armour
 - Level 2.6 Dodging
 - Level 2.0 Spellcasting
 - Level 1.4 Hexes
 + Level 4.4 Charms
 - Level 1.1 Translocations


You had one spell level left.
You knew the following spells:

 Your Spells              Type           Power        Failure   Level  Hunger
a - Infusion              Chrm           ##..         5%          1    ##.....
t - Shroud of Golubria    Chrm/Tloc      #.........   17%         2    ###....
x - Spectral Weapon       Hex/Chrm       #.......     30%         3    ####...


Dungeon Overview and Level Annotations

Branches:
Dungeon (4/15)
 Temple: D:4-7

Altars:

Annotations:
D:2 Sigmund


Message History

* * * LOW HITPOINT WARNING * * *
Unknown command.
You hit the orc priest but do no damage.
The orc priest is heavily wounded.
The orc priest hits you with a dagger.
* * * LOW HITPOINT WARNING * * *
Unknown command.
You barely miss the orc priest.
The orc priest is heavily wounded.
The orc priest closely misses you.
Unknown command.
You closely miss the orc priest.
The orc priest is heavily wounded.
Your magical infusion is running out.
The orc priest misses you.
The orc wizard hits you with a vampiric dagger.
* * * LOW HITPOINT WARNING * * *
The orc priest invokes the aid of Beogh against you.
Pain shoots through your body!
You die...

.........####.#.....##.#######.##
..............##.................
..............##........######.##
...............#.###.........#..#
...............#.# #.#######.##.#
............<..#.# #.# #.[......#
.................# #.# #.#.#.####
#########.....#oo# ..# #.#.#.####
#.....#.@# ### #.###.....
########## #. ###### #. #. #.


You could see an orc priest and an orc wizard.

Vanquished Creatures
  Crazy Yiuf (D:3)
  3 adders
  An adder skeleton (D:4)
  2 orcs (D:3)
  A hobgoblin (D:2)
  A ball python (D:2)
  A frilled lizard (D:2)
  2 kobolds
12 creatures vanquished.

Notes
Turn   | Place    | Note
-------+----------+-------------------------------------------
     0 | D:1      | letownia2 the Merfolk Skald began the quest for the Orb.
     0 | D:1      | Reached XP level 1. HP: 16/16 MP: 3/3
    40 | D:2      | Reached skill level 4 in Charms
    40 | D:2      | Reached XP level 2. HP: 22/22 MP: 1/5
    49 | D:2      | Learned a level 2 spell: Shroud of Golubria
    90 | D:2      | Reached skill level 1 in Translocations
   104 | D:2      | Noticed Sigmund
   136 | D:3      | Reached XP level 3. HP: 20/27 MP: 0/6
   141 | D:3      | Learned a level 3 spell: Spectral Weapon
   264 | D:3      | Found a runed door.
   374 | D:3      | Noticed Crazy Yiuf
   378 | D:3      | Killed Crazy Yiuf
   378 | D:3      | Reached skill level 1 in Hexes
   444 | D:3      | Reached XP level 4. HP: 15/33 MP: 0/7
   448 | D:3      | Killed from afar by an orc priest

Skill      XL: |  1  2  3 |
---------------+----------+-----
Charms         | 4 |  4.4
Translocations | 1 |  1.1
Hexes          | 1 |  1.4
Fighting       | |  2.1
Polearms       | |  3.2
Armour         | |  0.6
Dodging        | |  2.6
Spellcasting   | |  2.0

Action                   |  1- 3 |  4- 6 || total
-------------------------+-------+-------++-------
Melee: Spear             |    27 |       ||    27
       Quarterstaff      |     6 |     4 ||    10
 Cast: Infusion          |     5 |       ||     5
       Shroud of Golubri |     3 |       ||     3
       Spectral Weapon   |     1 |       ||     1
Armor: Leather armour    |     5 |       ||     5
Dodge: Dodged            |    21 |     4 ||    25
